 Dungeon Crawl Stone Soup version 0.25.0-1-g7eea58d (webtiles) character file.

Game seed: 5589156637080571854

352 malesh the Cutter (level 6, -4/40 HPs)
             Began as a Kobold Berserker on June 21, 2020.
             Was a Priest of Trog.
             Slain by a gnoll shaman
             ... wielding a +0 whip
              (7 damage)
             ... on level 4 of the Dungeon.
             The game lasted 00:09:01 (3735 turns).

malesh the Cutter (Kobold Berserker)                Turns: 3735, Time: 00:09:02

Health: -4/40      AC:  3    Str: 16    XL:     6   Next: 94%
Magic:  6/6        EV: 16    Int:  8    God:    Trog [***...]
Gold:   131        SH:  0    Dex: 15    Spells: 5/5 levels left

rFire    . . .     SeeInvis .   n - +3 rapier
rCold    . . .     Gourm    .   (shield restricted)
rNeg     . . .     Faith    .   b - +0 animal skin
rPois    +         Spirit   .   p - +0 helmet
rElec    .         Reflect  .   (no cloak)
rCorr    .         Harm     .   (no gloves)
MR       .....                  (no boots)
Stlth    +.........             (no amulet)
HPRegen  0.13/turn              l - ring of poison resistance
MPRegen  0.10/turn              (no ring)

@: berserk cooldown, slowed, glowing, very slow
A: small, carnivore
a: Berserk, Trog's Hand, Renounce Religion


You were on level 4 of the Dungeon.
You worshipped Trog.
Trog was most pleased with you.
You were completely stuffed.

You visited 1 branch of the dungeon, and saw 4 of its levels.

You collected 131 gold pieces.

Inventory:

Hand Weapons
 j - a +1 dagger of venom
 n - a +3 rapier (weapon)
Armour
 b - a +0 animal skin (worn)
 p - a +0 helmet (worn)
Jewellery
 l - a ring of poison resistance (left hand)
Scrolls
 d - 2 scrolls of identify
 i - a scroll of remove curse
 k - a scroll of teleportation
 o - 2 scrolls of blinking
 r - a scroll of immolation {unknown}
Potions
 e - a potion of invisibility {unknown}
 f - a potion of flight
 g - 5 potions of heal wounds
 h - 3 potions of curing
 m - 2 potions of berserk rage
 q - a potion of might {unknown}
Comestibles
 a - 7 chunks of flesh
 c - 5 rations


   Skills:
 * Level 5.3 Fighting
 * Level 6.3 Short Blades
 + Level 2.6 Armour
 + Level 3.9 Dodging


You had 5 spell levels left.
You didn't know any spells.
Your spell library was empty.

Dungeon Overview and Level Annotations

Branches:
Dungeon (4/15)
 Temple: D:4-7

Altars:
Elyvilon
Qazlal
Uskayaw


Innate Abilities, Weirdness & Mutations

You are small and have problems with some larger weapons.
You are carnivorous and can eat meat at any time.


Message History

The gnoll barely misses you. The gnoll shaman closely misses you.
The gnoll shaman calls down the wrath of its god upon you.
You are outlined in light.
The gnoll hits you but does no damage.
The gnoll hits you from afar with a +0 spear.
The gnoll shaman calls upon its god to speed up the gnoll.
The gnoll seems to speed up.
The gnoll hits you from afar with a +0 halberd!
The gnoll hits you from afar with a +0 spear!
* * * LOW HITPOINT WARNING * * *
The gnoll completely misses you. The gnoll shaman closely misses you.
The gnoll closely misses you.
The gnoll shaman hits you with a +0 whip!
* * * LOW HITPOINT WARNING * * *
The gnoll barely misses you.
The gnoll hits you from afar with a +0 spear.
* * * LOW HITPOINT WARNING * * *
The gnoll misses you.
The gnoll shaman hits you with a +0 whip!
You die...

# ...## #...................# .
#...###......#............ .
.#####.....#..................##.
..#.#........#.....).......##....
.........#...#...#...............
#.......#.......#...............
##.....##.....#..##..............
.#.....###.#..#...g..#..#.#......
......####.#...<@ggg##.#####....#
.#......##.###.....###.####)...#.
##...........#>..### #.#..##.....
.......####.......# #......).###
.......#.#.#.###... #.#.#.....##
........................##.....#
..........#......##.....#(.......
..........#......###....#.....[.#
.........##...... ##.#.......##.


You could see a gnoll shaman and 3 gnolls.

Vanquished Creatures
  An ogre (D:4)
  A hound (D:3)
  An orc wizard (D:4)
  A worker ant (D:4)
  A hound skeleton (D:4)
  5 gnolls
  5 adders
  An ooze (D:1)
  3 worms (D:2)
  2 dart slugs (D:2)
  3 leopard geckos
  4 orcs (D:4)
  2 ball pythons (D:2)
  5 giant cockroaches
  6 goblins
  2 hobgoblins (D:2)
  6 bats
  4 frilled lizards
  6 kobolds (D:2)
  A quokka zombie (D:2)
  11 rats
71 creatures vanquished.

Notes
Turn   | Place    | Note
-------+----------+-------------------------------------------
     0 | D:1      | malesh the Kobold Berserker began the quest for the Orb.
     0 | D:1      | Reached XP level 1. HP: 14/14 MP: 1/1
   199 | D:1      | Reached XP level 2. HP: 12/19 MP: 2/2
   905 | D:2      | Reached XP level 3. HP: 24/24 MP: 3/3
  1136 | D:2      | Reached ** piety under Trog
  1371 | D:2      | Reached XP level 4. HP: 23/29 MP: 4/4
  1717 | D:2      | Reached skill level 5 in Short Blades
  1853 | D:2      | Reached XP level 5. HP: 23/34 MP: 5/5
  2496 | D:3      | Found a stormy altar of Qazlal.
  2530 | D:3      | Found a hide-covered altar of Uskayaw.
  2731 | D:3      | Found a white marble altar of Elyvilon.
  3154 | D:4      | Reached XP level 6. HP: 9/40 MP: 6/6
  3179 | D:3      | HP: 2/40 [poisoned by a worker ant]
  3470 | D:4      | Reached *** piety under Trog
  3485 | D:4      | Reached skill level 5 in Fighting
  3485 | D:4      | Reached skill level 6 in Short Blades
  3570 | D:4      | Noticed an ogre
  3582 | D:4      | Killed an ogre
  3735 | D:4      | Slain by a gnoll shaman

Illustrated notes

Levels and vault maps discovered:
D:1:      dpeg_arrival_pits, layout_basic
D:2:      minmay_razor_zed, layout_loops_ring
D:3:      layout_basic, nicolae_qazlal_general_emergency, lemuel_crystal_altar,
          nicolae_overflow_crystal_walls, first_ration, minmay_bisected
D:4:      minmay_diamond_boxcup, layout_cave_pools

Skill      XL: |  1  2  3  4  5  6 |
---------------+-------------------+-----
Dodging        | 3 |  3.9
Fighting       | 4 5 |  5.3
Armour         | 2 |  2.6
Short Blades   | 5 6 |  6.3

Action                   |  1- 3 |  4- 6 || total
-------------------------+-------+-------++-------
Melee: Short sword       |    95 |    37 ||   132
       Rapier            |       |    87 ||    87
Invok: Berserk           |     4 |     5 ||     9
  Use: Scroll            |       |     9 ||     9
 Stab: Sleeping          |     1 |     2 ||     3
  Eat: Chunk             |    12 |    14 ||    26
Armor: Animal skin       |    10 |    16 ||    26
Dodge: Dodged            |    55 |    85 ||   140
